 Dungeon Crawl Stone Soup version 0.29.0-5-ge4962eb29e (webtiles) character file.

Game seed: 13878694327133877979

312 coolguy4201 the Conjurer (level 6, -21/32 HPs)
             Began as a Deep Elf Conjurer on Aug 30, 2022.
             Was a Follower of Vehumet.
             Demolished by Menkaure (24 damage)
             ... on level 5 of the Dungeon.
             The game lasted 00:09:30 (3455 turns).

coolguy4201 the Conjurer (Deep Elf Conjurer)        Turns: 3455, Time: 00:09:31

Health: -21/32     AC:  2    Str:  4    XL:     6   Next: 18%
Magic:  0/16       EV: 12    Int: 25    God:    Vehumet [*.....]
Gold:   269        SH:  0    Dex: 13    Spells: 12/16 levels left

rFire   . . .      SeeInvis .   (no weapon)
rCold   . . .      Faith    +   (no shield)
rNeg    . . .      Spirit   .   a - +0 robe
rPois   .          Reflect  .   (no helmet)
rElec   .          Harm     .   (no cloak)
rCorr   .          Rampage  .   (no gloves)
Will    .....                   (no boots)
Stlth   ++........              o - amulet of faith
HPRegen 0.10/turn               (no ring)
MPRegen 0.15/turn               (no ring)

@: no status effects
A: no striking features
a: Renounce Religion


You were on level 5 of the Dungeon.
You worshipped Vehumet.
Vehumet was aware of your devotion.
You visited 2 branches of the dungeon, and saw 6 of its levels.

You collected 269 gold pieces.

Inventory:

Armour
 a - a +0 robe (worn)
Jewellery
 o - an amulet of faith (around neck)
Wands
 p - a wand of mindburst (8)
Scrolls
 e - a scroll of magic mapping {unknown}
 f - a scroll of fog {unknown}
 j - a scroll of enchant weapon {unknown}
 k - a scroll of summoning {unknown}
 l - 3 scrolls of noise {unknown}
 m - 6 scrolls of identify {unknown}
 r - a scroll of vulnerability {unknown}
 s - a scroll of teleportation {unknown}
Potions
 b - a potion of magic
 c - 4 potions of curing {unknown}
 d - a potion of ambrosia {unknown}
 g - 4 potions of heal wounds {unknown}
 h - 2 potions of flight {unknown}
 i - 2 potions of haste {unknown}
 n - a potion of cancellation {unknown}
 q - 2 potions of resistance {unknown}
 t - a potion of might {unknown}


   Skills:
 + Level 0.1 Fighting
 + Level 2.5 Dodging
 + Level 3.6 Stealth
 + Level 5.6 Spellcasting
 + Level 6.6 Conjurations


You had 12 spell levels left.
You knew the following spells:

 Your Spells              Type           Power      Damage    Failure   Level
a - Magic Dart            Conj           100%       1d8       1%          1
b - Searing Ray           Conj           80%        2d7       1%          2
c - Shock                 Conj/Air       92%        1d8       1%          1

Your spell library contained the following spells:

 Spells                   Type           Power      Damage    Failure   Level
 Dazzling Flash           Conj/Hex       46%        N/A       6%          3
 Apportation              Tloc           14%        N/A       8%          1
 Necrotise                Necr           28%        1d5       8%          1
 Summon Small Mammal      Summ           28%        N/A       8%          1
 Fulminant Prism          Conj/Hex       11%        3d9       19%         4
 Iskenderun's Mystic Bla  Conj/Tloc      23%        2d6       19%         4
 Dispersal                Tloc           3%         N/A       100%        6
 Disjunction              Tloc           3%         N/A       100%        8


Dungeon Overview and Level Annotations

Branches:
Dungeon (5/15)             Temple (1/1) D:4

Altars:
Ashenzari
Cheibriados
Elyvilon
Kikubaaqudgha
Okawaru
Sif Muna
Trog
Uskayaw
Vehumet
Wu Jian
Zin

Annotations:
D:5 Blork the orc, Menkaure


Message History

You kill Sigmund!
Vehumet accepts your kill.
Your Spellcasting skill increases to level 5!
You have reached level 6!
Menkaure calls on the powers of darkness!
Your body is wracked with pain!
Blork the orc comes into view.
He is wielding a +6 war axe of electrocution and carrying a wand of roots (11).
You are too injured to fight recklessly!
Casting: Searing Ray (safe; 1% risk of failure)
Confirm with . or Enter, or press ? or * to list all spells.
Aiming: Searing Ray (safe; 1% risk of failure)
Press: ? - help, Shift-Dir - straight line, f - Menkaure
Aim: Menkaure (fast, 91% to hit)
The searing ray hits Menkaure!
Menkaure is heavily damaged. (Press . to maintain the ray.) Menkaure barely misses you.
The searing ray hits Menkaure.
Menkaure is severely damaged.
Menkaure hits you but does no damage.
The searing ray misses Menkaure.
Menkaure hits you but does no damage.
Blork the orc casts a spell.
Blork the orc seems to speed up.
Without enough magic to sustain it, your searing ray dissipates.
Menkaure misses you. Menkaure attacks as you move away! Menkaure hits you!
* * * LOW HITPOINT WARNING * * *
Aiming: Mindburst
Press: ? - help, Shift-Dir - straight line, f/p - Menkaure
Aim: Menkaure (severely damaged, fast, chance to affect: 64%)
Okay, then.
Unknown command.
You hit Menkaure. You punch Menkaure.
Menkaure is severely damaged.
Menkaure calls on the powers of darkness!
You feel a surge of unholy energy.
Blork the orc convulses!
Blork the orc screams, "I'm much stronger than you!"
Menkaure hits you!!
Ouch! That really hurt!
You die...

##...#...
##........
.........
#........
##<.>.....
#.....?...
##.........
##..o....$..
#.@M#.......
#....##.......
#...## ....###
##.. ....#
.... ...##
..... ...#
.#.... ...#
##...


You could see Blork the orc (fast) and Menkaure (fast).

Vanquished Creatures
  Sigmund (D:5)
  Jessica (D:3)
  Ijyb (D:3)
  2 adders
  2 worms
  3 dart slugs
  4 bats
  6 endoplasms
  2 giant cockroaches
  9 goblins
  6 hobgoblins
  6 quokkas
  4 ball pythons
  5 frilled lizards
  2 kobolds
  5 rats
59 creatures vanquished.

Notes
Turn   | Place    | Note
-------+----------+-------------------------------------------
     0 | D:1      | coolguy4201 the Deep Elf Conjurer began the quest for the
                  | Orb.
     0 | D:1      | Reached XP level 1. HP: 10/10 MP: 6/6
   398 | D:1      | Reached XP level 2. HP: 15/15 MP: 6/8
   645 | D:1      | Reached skill level 5 in Conjurations
  1052 | D:2      | You fall into a shaft and drop 2 floors!
  1100 | D:4      | Found an iron altar of Okawaru.
  1126 | D:4      | Reached XP level 3. HP: 19/19 MP: 5/9
  1403 | D:4      | Found a staircase to the Ecumenical Temple.
  1533 | Temple   | Entered the Ecumenical Temple
  1542 | Temple   | Became a worshipper of Vehumet
  1923 | D:3      | Found an ornate altar of the Wu Jian Council.
  2122 | D:3      | Reached XP level 4. HP: 24/24 MP: 9/11
  2195 | D:3      | Noticed Jessica
  2204 | D:3      | Killed Jessica
  2240 | D:3      | Found a shimmering blue altar of Sif Muna.
  2362 | D:3      | Noticed Ijyb
  2375 | D:3      | Killed Ijyb
  2376 | D:3      | Reached skill level 6 in Conjurations
  2736 | D:3      | Found a glowing silver altar of Zin.
  2890 | D:2      | Learned a level 2 spell: Searing Ray
  2917 | D:2      | Found a faded altar of an unknown god.
  2996 | D:2      | Reached * piety under Vehumet
  2996 | D:2      | Offered knowledge of Shock by Vehumet.
  3001 | D:2      | Learned a level 1 spell: Shock
  3184 | D:2      | Reached XP level 5. HP: 28/28 MP: 10/13
  3436 | D:5      | Entered Level 5 of the Dungeon
  3436 | D:5      | Noticed Sigmund
  3438 | D:5      | Noticed Menkaure
  3444 | D:5      | Killed Sigmund
  3445 | D:5      | Reached skill level 5 in Spellcasting
  3445 | D:5      | Reached XP level 6. HP: 19/32 MP: 3/16
  3449 | D:5      | Noticed Blork the orc
  3455 | D:5      | Demolished by Menkaure

Illustrated notes

Levels and vault maps discovered:
D:1:      saegor_arrival_simple_a, layout_loops_ring, minmay_misc_feat_chi
D:2:      layout_rooms, chequers_ecumenical_altar_simple_redux
D:3:      layout_basic, nzn_wu_jian_contemplation, mainiacjoe_overflow_alcove_4,
          tgw_sif, uniq_ijyb
D:4:      layout_rooms, kennysheep_okawaru_gauntlet,
          minmay_temple_entry_nine_rooms
D:5:      minmay_diamond_boxcup, layout_layer_cave, serial_shops,
          nicolae_shop_hallway_stairs, enter_ossuary_4, uniq_sigmund,
          uniq_menkaure, uniq_blork_the_orc
Temple:   nicolae_temple_ecumenical_triangle

Skill      XL: |  1  2  3  4  5 |
---------------+----------------+-----
Conjurations   | 5 6 |  6.6
Spellcasting   | 4 5 |  5.6
Stealth        | 3 |  3.6
Fighting       | |  0.1
Dodging        | |  2.5

Action                   |  1- 3 |  4- 6 || total
-------------------------+-------+-------++-------
Melee: Unarmed           |       |     1 ||     1
       Punch             |       |     1 ||     1
 Cast: Magic Dart        |    88 |    30 ||   118
       Searing Ray       |       |     6 ||     6
Armor: Robe              |       |     6 ||     6
Dodge: Dodged            |     6 |     4 ||    10
